 Dungeon Crawl Stone Soup version 0.21-a0-496-g696f58f (webtiles) character file.

830298 Spazmo the Intangible (level 27, -5/165 HPs)
             Began as a Deep Elf Conjurer on Nov 22, 2017.
             Was the Champion of Vehumet.
             Slain by a bennu (22 damage)
             ... on level 3 of the Tomb of the Ancients on Nov 23, 2017.
             The game lasted 08:54:11 (76319 turns).

Spazmo the Intangible (Deep Elf Conjurer)          Turns: 76319, Time: 08:54:13

Health: -5/165     AC: 28    Str:  1 (4)  XL:     27
Magic:  50/80      EV: 35    Int: 41      God:    Vehumet [******]
Gold:   8915       SH:  9    Dex: 21 (22) Spells: 7/80 levels left

rFire    + + +     SeeInvis +   T - staff of power
rCold    + + .     Gourm    .   a - +3 buckler {rC+ rF+}
rNeg     + + +     Faith    .   O - +2 robe {Archmagi}
rPois    ∞         Spirit   .   z - +2 helmet {SInv}
rElec    +         Reflect  .   s - +2 ratskin cloak {+Rats rPois rN+ Str-1 Int-1 Dex+1}
rCorr    .         Harm     .   g - +2 pair of gloves "Debum" {MR+ Int+2 Slay-5}
MR       ++++.     Clarity  +   N - +4 pair of boots "Arolibu" {rElec Dex+6}
Stlth    +++++.....             u - amulet of magic regeneration
HPRegen  0.09/turn              P - ring "Rocw" {rF+ MP+9}
MPRegen  0.72/turn              J - ring of Niressips {rElec rF++ AC+4 Int+6}

@: lich-form, slowed, lost strength, deflect missiles, very slow
A: clarity
}: 5/15 runes: barnacled, slimy, silver, abyssal, gossamer
a: End Transformation, Renounce Religion, Evoke Ratskin


You were on level 3 of the Tomb of the Ancients.
You worshipped Vehumet.
Vehumet was exalted by your worship.
You were not hungry.
You were a lich.
You visited 13 branches of the dungeon, and saw 60 of its levels.
You visited the Abyss 2 times.

You collected 9561 gold pieces.
You spent 646 gold pieces at shops.

Inventory:

Hand Weapons
 R - the +5 long sword "Ogreslayer" {venom, Int+7 SInv}
   (You took it off a deep elf annihilator on level 3 of the Elven Halls)

   It poisons the flesh of those it strikes.
   It affects your intelligence (+7).
   It lets you see invisible.
Missiles
 q - 2204 stones (quivered)
Armour
 a - a +3 buckler of resistance (worn)
 g - the +2 pair of gloves "Debum" (worn) {MR+ Int+2 Slay-5}
   (You took it off Nikola on level 1 of the Spider Nest)

   It affects your intelligence (+2).
   It affects your accuracy and damage with ranged weapons and melee attacks
   (-5).
   It affects your resistance to hostile enchantments.
 s - the +2 ratskin cloak (worn) {+Rats rPois rN+ Str-1 Int-1 Dex+1}
   (You found it on level 1 of the Spider Nest)

   It affects your strength (-1).
   It affects your intelligence (-1).
   It affects your dexterity (+1).
   It protects you from poison.
   It protects you from negative energy.
 z - a +2 helmet of see invisible (worn)
 K - the +4 dragonskin cloak
   (You took it off Tiamat on level 2 of the Realm of Zot)
 N - the +4 pair of boots "Arolibu" (worn) {rElec Dex+6}
   (You acquired it on level 5 of the Pits of Slime)

   It affects your dexterity (+6).
   It insulates you from electricity.
 O - a +2 robe of the Archmagi (worn)
Magical Staves
 T - an uncursed staff of power (weapon)
Jewellery
 d - the ring "Neloev" {+Inv rF++ MR+ Int-5 SInv}
   (You found it on level 4 of the Shoals)

   [ring of see invisible]

   It affects your intelligence (-5).
   It greatly protects you from fire.
   It affects your resistance to hostile enchantments.
   It lets you see invisible.
   It lets you turn invisible.
 e - an uncursed ring of flight
 h - an uncursed ring of resist corrosion
 o - the amulet "Exur" {Reflect rPois rC+ SH+2}
   (You took it off a tengu reaver on level 3 of the Depths)

   [amulet of reflection]

   It shields you and reflects attacks.
   It protects you from cold.
   It protects you from poison.
   It affects your SH (+2).
 u - an amulet of magic regeneration (around neck)
 J - the ring of Niressips (right hand) {rElec rF++ AC+4 Int+6}
   (You found it on level 9 of the Dungeon)

   [ring of protection]

   It affects your AC (+4).
   It affects your intelligence (+6).
   It greatly protects you from fire.
   It insulates you from electricity.
 P - the ring "Rocw" (left hand) {rF+ MP+9}
   (You bought it in a shop on level 2 of the Depths)

   [ring of magical power]

   It protects you from fire.
   It affects your magic capacity (+9).
 U - an uncursed ring of positive energy
Wands
 k - a wand of digging (10)
 M - a wand of iceblast (54)
 W - a wand of clouds (16)
Scrolls
 l - 9 scrolls of fog
 m - 2 scrolls of holy word
 n - 9 scrolls of fear
 p - 8 scrolls of enchant armour
 r - 15 scrolls of identify
 w - 11 scrolls of magic mapping
 y - 9 scrolls of blinking
 D - 21 scrolls of teleportation
 I - 28 scrolls of remove curse
 S - 12 scrolls of amnesia
Potions
 j - 4 potions of invisibility
 t - 8 potions of heal wounds
 v - 5 potions of magic
 A - 31 potions of curing
 C - 10 potions of mutation
 F - 7 potions of cancellation
 G - 6 potions of brilliance
 L - 4 potions of resistance
 V - 7 potions of haste
 X - a potion of ambrosia
Comestibles
 c - 28 bread rations
 x - 24 meat rations
 H - 11 royal jellies


   Skills:
 - Level 15.0 Fighting
 O Level 27 Dodging
 - Level 10.0 Stealth
 - Level 4.0 Shields
 O Level 27 Spellcasting
 + Level 25.1 Conjurations
 - Level 8.0 Charms
 - Level 15.0 Necromancy
 - Level 2.0 Translocations
 - Level 15.0 Transmutations
 - Level 25.0 Fire Magic
 - Level 8.0 Air Magic
 - Level 20.0 Earth Magic


You had 7 spell levels left.
You knew the following spells:

 Your Spells              Type           Power        Failure   Level  Hunger
a - Necromutation         Tmut/Necr      #########.   3%          8    N/A
b - Blink                 Tloc           N/A          1%          2    N/A
c - Force Lance           Conj/Tloc      ########     0%          4    N/A
d - Bolt of Fire          Conj/Fire      #########.   0%          6    N/A
e - Regeneration          Chrm/Necr      ########..   0%          3    N/A
f - Iron Shot             Conj/Erth      #########.   0%          6    N/A
g - Fireball              Conj/Fire      #########.   0%          5    N/A
h - Ozocubu's Armour      Chrm/Ice       #######.     1%          3    N/A
i - Ignition              Fire           #########.   1%          8    N/A
j - Deflect Missiles      Chrm/Air       ########..   1%          6    N/A
k - Fire Storm            Conj/Fire      #########.   1%          9    N/A
l - Lee's Rapid Deconstr  Erth           ########..   0%          5    N/A
m - Lehudib's Crystal Sp  Conj/Erth      #########.   1%          8    N/A

Dungeon Overview and Level Annotations

Branches:
Dungeon (15/15)            Temple (1/1) D:4            Lair (6/6) D:8
 Shoals (4/4) Lair:3       Spider (4/4) Lair:4        Slime (5/5) Lair:5
    Orc (2/2) D:9             Elf (3/3) Orc:2        Vaults (5/5) D:14
  Crypt (3/3) Vaults:3       Tomb (3/3) Crypt:3      Depths (5/5) D:15
    Zot (4/5) Depths:5

Altars:
Ashenzari
Dithmenos
Fedhas
Hepliaklqana
Kikubaaqudgha
Makhleb
Nemelex Xobeh
Ru
Sif Muna
Trog
Vehumet
Wu Jian
Xom
Yredelemnul
Zin
The Shining One
Beogh

Shops:
D:5 !   D:11 [   D:13 :   Orc:2 :[([   Depths:2 =}}   Depths:4 =

Portals:
Hell: Depths:1 Depths:2 Depths:3 Depths:4 Depths:5
Abyss: Depths:4 Depths:5
Pandemonium: Depths:3 Depths:4
Ziggurat: Depths:3

Annotations:
Shoals:3 exclusion: 2 oklob plants
Vaults:4 Terra's ghost, adept DsGl


Innate Abilities, Weirdness & Mutations

You possess an exceptional clarity of mind.


Message History

The mummy is burned terribly!
You destroy the mummy!
Vehumet accepts your kill.
You feel your power returning.
The great blast of fire engulfs the guardian mummy.
You destroy the guardian mummy!
Vehumet accepts your kill.
You feel your power returning.
You feel extremely nervous for a moment...
Death has come for you... The great blast of fire engulfs you!
You partially resist.
* * * LOW HITPOINT WARNING * * *
The great blast of fire engulfs the catoblepas zombie.
You destroy the catoblepas zombie!
The great blast of fire engulfs the shadow wraith.
You destroy the shadow wraith!
You are engulfed in blazing flames.
You resist.
You hear a hideous shriek! x2
The bennu pecks you!!
You die...

........
#vv§§§§# .
#§§vv§§# ..
#§§v§v§# ...
#§v§v§§#M...
+§v§§v2§§4
#§§b§§§#
#§§vL§§#
#....b.#
#......#
#......#
#......#
########


You could see a reaper, 2 bennus, a mummy priest, a hellwing and 11 friendly
fire vortices.

Vanquished Creatures
  the Royal Jelly (Slime:5)
  Dissolution (Slime:5)
  Tiamat (Zot:2)
  4 ancient liches
  An orb of fire (Zot:1)
  Mennas (Vaults:3)
  2 juggernauts (Depths:3)
  Mara (Tomb:2)
  Sojobo (Depths:2)
  26 greater mummies
  Bai Suzhen (Depths:2)
  Frederick (Tomb:3)
  7 curse toes
  3 Killer Klowns
  Xtahua (Crypt:2)
  20 golden dragons
  A profane servitor (Abyss:2)
  Nikola (Spider:1)
  5 caustic shrikes (Depths:5)
  3 bone dragons
  A Tzitzimitl (Tomb:2)
  Arachne (Spider:2)
  A hellephant (Abyss:3)
  24 tentacled monstrosities
  Jorgrun (Crypt:1)
  2 electric golems
  11 liches
  Rupert (D:13)
  3 deep elf blademasters
  6 titans
  6 quicksilver dragons
  11 sphinxes
  2 deep elf master archers (Elf:3)
  An Executioner (Abyss:2)
  16 acid blobs
  8 death cobs
  Polyphemus (Shoals:3)
  9 ancient champions
  Kirke (D:13)
  Agnes (D:13)
  5 tentacled starspawn
  Frances (D:11)
  8 revenants
  21 shadow dragons
  14 draconian monks
  9 tengu reavers
  A nagaraja (Abyss:3)
  10 fire giants
  9 draconian knights
  15 frost giants
  2 iron dragons (Zot:1)
  19 storm dragons
  13 azure jellies
  A balrug (Depths:5)
  8 ghost moths
  7 deep elf sorcerers
  8 draconian scorchers
  3 curse skulls
  3 emperor scorpions (Spider:4)
  11 draconian shifters
  5 deep elf elementalists
  8 draconian annihilators
  14 vault wardens
  A cacodemon (Abyss:2)
  Louise (Spider:1)
  A ghoul (Vaults:2)
  Aizul (Crypt:1)
  17 ironheart preservers
  A reaper (Depths:5)
  7 bennus
  3 spriggan defenders
  A war gargoyle (Depths:5)
  19 stone giants
  5 vampire knights
  9 draconian stormcallers
  6 entropy weavers
  24 very ugly things
  10 deep elf demonologists
  A spectral titan (Crypt:3)
  12 purple draconians
  9 green draconians
  15 black draconians
  Azrael (D:14)
  A lorocyproca (Depths:3)
  3 starcursed masses (Abyss:3)
  20 red draconians
  5 deep elf annihilators
  13 yellow draconians
  7 spark wasps
  6 merfolk javelineers
  A blizzard demon (Depths:5)
  The ghost of NoRagrets the Cleaver, a journeyman MiFi of Okawaru (D:12)
  23 mummy priests
  9 white draconians
  Snorg (Orc:2)
  2 quicksilver dragon zombies
  2 eidola
  5 deep elf high priests
  A green death (Depths:4)
  13 deep elf death magi
  13 ettins
  10 death oozes (Slime:5)
  14 fire dragons
  9 merfolk impalers
  22 yaktaur captains
  Josephine (D:13)
  2 crystal guardians
  A jiangshi (Crypt:2)
  3 rakshasas
  11 great orbs of eyes
  Fannar (Orc:1)
  40 vault guards
  16 ice dragons
  Harold (D:12)
  3 alligator snapping turtles
  A naga warrior (Abyss:3)
  4 hydras
  3 merfolk avatars
  A spectral stone giant (Crypt:3)
  3 spriggan air magi
  Erica (Lair:1)
  A catoblepas (Shoals:3)
  32 dancing weapons
  4 death knights
  A merfolk aquamancer (Shoals:3)
  12 centaur warriors
  19 two-headed ogres
  7 ogre magi
  2 satyrs (Shoals:3)
  7 deep troll shamans
  25 death yaks
  10 death scarabs (Tomb:2)
  A tengu warrior (Depths:2)
  3 vampire magi
  4 spriggan berserkers
  3 orc high priests (Orc:2)
  A spectral dire elephant (Crypt:3)
  8 deep troll earth magi
  14 thrashing horrors
  4 sun demons
  Sonja (D:14)
  15 hell knights
  2 spectral storm dragons (Crypt:3)
  A spectral emperor scorpion (Crypt:3)
  29 deep elf knights
  8 soul eaters
  21 shadow wraiths
  4 sixfirhies
  An iron troll (Depths:5)
  5 wretched stars
  8 flayed ghosts
  40 skeletal warriors
  An anaconda zombie (Crypt:1)
  2 swamp dragons
  34 deep trolls
  A death drake (shapeshifter) (Vaults:5)
  A ghost moth zombie (Crypt:2)
  2 quicksilver dragon simulacra (Depths:5)
  A golden dragon zombie (Crypt:3)
  19 deep elf archers
  10 sea snakes
  19 orb spiders
  2 spatial maelstroms
  4 wizards
  4 glowing orange brains
  18 ironbrand convokers
  25 harpies
  An infernal demonspawn (Depths:4)
  A tengu zombie (Vaults:4)
  12 large abominations
  3 lindwurms (Lair:6)
  13 necromancers
  A wolf spider zombie (Crypt:1)
  18 phantasmal warriors
  5 shining eyes
  12 orc knights
  45 ugly things
  66 deep elf magi
  4 oklob plants (Lair:1)
  6 manticores
  6 orc sorcerers
  A fire giant zombie (Crypt:1)
  11 fauns
  A spectral fire dragon (Crypt:3)
  25 wolf spiders
  6 cyclopes
  A frost giant zombie (Crypt:2)
  A moth of wrath (shapeshifter) (Depths:3)
  A stone giant zombie (Crypt:2)
  A spectral ettin (Crypt:3)
  3 centaur zombies
  An iron dragon skeleton (Crypt:1)
  An elephant (shapeshifter) (Vaults:2)
  30 moths of wrath
  A black mamba (shapeshifter) (Vaults:1)
  10 elephants
  8 merfolk sirens
  2 worldbinders (Abyss:3)
  13 vault sentinels
  A stone giant skeleton (Tomb:1)
  A guardian serpent (Abyss:3)
  8 rust devils (Depths:5)
  A shock serpent zombie (Crypt:3)
  11 water nymphs
  5 black mambas
  An ice statue (Depths:5)
  An eye of devastation (Slime:3)
  A shock serpent skeleton (Crypt:1)
  5 orange demons
  9 torpor snails
  2 gargoyles
  A spiny frog (shapeshifter) (Depths:4)
  8 spiny frogs
  2 smoke demons
  65 yaktaurs
  12 demonic crawlers
  5 rime drakes
  4 komodo dragons
  A yaktaur (shapeshifter) (Vaults:2)
  17 freezing wraiths
  A red draconian skeleton (Crypt:1)
  2 efreet
  A green draconian skeleton (Crypt:3)
  3 hellwings
  4 red devils
  A ghost moth simulacrum (Abyss:2)
  37 guardian mummies
  2 ice devils (Depths:5)
  7 ancient zymes
  A tengu conjurer (Depths:1)
  A harpy zombie (Tomb:1)
  A pale draconian skeleton (Crypt:3)
  5 trolls
  17 jumping spiders
  29 merfolk
  A queen bee (shapeshifter) (Depths:5)
  A hydra zombie (Tomb:1)
  2 jumping spiders (shapeshifter)
  A shadow dragon simulacrum (Crypt:2)
  A polar bear (Lair:6)
  20 hornets
  A minotaur zombie (Crypt:2)
  A polar bear (shapeshifter) (Vaults:2)
  3 tyrant leeches (Lair:6)
  3 wind drakes
  2 trolls (shapeshifter)
  4 raiju
  A raiju (shapeshifter) (Vaults:4)
  A hornet (shapeshifter) (Depths:4)
  An alligator zombie (Crypt:1)
  An ice dragon zombie (Crypt:1)
  A dream sheep (shapeshifter) (Vaults:4)
  A hippogriff (shapeshifter) (D:13)
  5 hippogriffs
  16 blink frogs
  8 dream sheep
  An ettin zombie (Vaults:4)
  A frost giant simulacrum (Abyss:3)
  A human simulacrum (Vaults:4)
  12 snapping turtles
  42 flying skulls
  97 slime creatures
  A snapping turtle (shapeshifter) (Depths:1)
  14 shadows
  9 air elementals
  56 redbacks
  An alligator skeleton (Crypt:1)
  4 spriggans
  A satyr skeleton (Crypt:1)
  24 wraiths
  15 ushabtiu
  43 tarantellas
  A vampire (D:15)
  17 water elementals
  A basilisk (shapeshifter) (Vaults:4)
  10 small abominations
  14 yaks
  4 wyverns
  A fire bat (Abyss:2)
  27 fire elementals
  23 golden eyes
  A yak (shapeshifter) (D:15)
  5 basilisks
  5 chaos spawn
  2 steam dragons (Lair:6)
  5 hogs (D:13)
  17 humans
  8 vampire mosquitoes
  4 spatial vortices
  8 hungry ghosts
  3 wargs
  A deep troll zombie (Crypt:3)
  A merfolk zombie (Tomb:2)
  A naga (Abyss:3)
  3 acid dragons
  A water moccasin (shapeshifter) (D:14)
  17 water moccasins
  2 floating eyes
  6 porcupines
  5 hell hounds
  A faun skeleton (Crypt:2)
  A floating eye (shapeshifter) (Depths:3)
  4 ice beasts
  3 phantoms
  4 black bears
  A hornet zombie (D:10)
  5 sky beasts
  A manticore zombie (Crypt:3)
  6 ettin simulacra (Depths:5)
  25 orc warriors
  3 necrophages
  A black mamba simulacrum (Crypt:3)
  20 ogres
  5 eyes of draining
  A fire dragon simulacrum (Tomb:3)
  26 centaurs
  3 wolves (Lair:3)
  2 human skeletons
  A manticore skeleton (Crypt:2)
  12 crocodiles
  14 boggarts
  A crocodile (shapeshifter) (Elf:2)
  2 snapping turtle skeletons
  A spectral human (Crypt:3)
  A big kobold (D:13)
  A hippogriff skeleton (Crypt:2)
  A human zombie (Vaults:4)
  16 bullfrogs
  An elf skeleton (Crypt:1)
  A cyclops skeleton (Crypt:2)
  2 scorpions
  4 killer bees (D:7)
  24 wights
  An electric eel (Lair:1)
  4 howler monkeys
  8 crimson imps
  A lava snake (Lair:4)
  A black bear zombie (Crypt:2)
  4 quasits
  A bullfrog zombie (D:9)
  9 orc priests
  5 hounds
  3 jellies
  2 bullfrog skeletons
  4 centaur skeletons
  5 iguanas
  3 iron imps (Depths:4)
  Natasha (D:4)
  26 orc wizards
  6 hell rats (Lair:6)
  17 worker ants
  A dwarf zombie (Crypt:2)
  A big kobold zombie (Crypt:3)
  A deep dwarf zombie (Crypt:3)
  An acid dragon zombie (Crypt:1)
  A dwarf skeleton (Crypt:3)
  An acid dragon skeleton (Crypt:1)
  A demigod skeleton (Crypt:1)
  2 hound skeletons
  37 mummies
  A howler monkey zombie (D:2)
  9 gnolls
  A howler monkey skeleton (D:6)
  10 adders
  2 ogre simulacra
  4 shadow imps
  A steam dragon skeleton (Crypt:3)
  2 white imps
  An ufetubus (Abyss:3)
  3 oozes
  An adder zombie (D:8)
  4 worms
  4 leopard geckos
  92 orcs
  13 bats
  6 giant cockroaches
  11 goblins
  9 hobgoblins
  7 jackals
  10 quokkas
  4 ball pythons
  A giant cockroach zombie (D:5)
  11 kobolds
  A leopard gecko skeleton (D:4)
  6 rats
  A river rat zombie (Crypt:3)
  4 crawling corpses (Vaults:5)
  A fire vortex (Lair:4)
  10 plants
  2 starspawn tentacles (Abyss:3)
2983 creatures vanquished.

Vanquished Creatures (collateral kills)
  Saint Roka (Orc:2)
  A lich (Depths:3)
  2 tentacled monstrosities
  A sphinx (Tomb:1)
  A death cob (Zot:2)
  2 shadow dragons
  A storm dragon (Depths:5)
  Donald (Vaults:3)
  A deep elf sorcerer (Elf:3)
  A draconian scorcher (Zot:2)
  A starcursed mass (Abyss:3)
  A deep elf annihilator (Elf:3)
  An ettin (Depths:5)
  A mummy priest (Tomb:2)
  A deep troll earth mage (Depths:4)
  2 skeletal warriors (Crypt:2)
  A deep troll (Depths:1)
  A guardian mummy (Tomb:3)
  A mummy (Tomb:1)
  An adder skeleton (Crypt:1)
23 creatures vanquished.

Vanquished Creatures (others)
  A lich (Tomb:2)
  A sphinx (Depths:2)
  A storm dragon (Vaults:5)
  An ironheart preserver (Vaults:5)
  A wizard (D:11)
  A wolf spider (Spider:2)
  A yaktaur (Vaults:1)
  2 flying skulls (Tomb:3)
  A hell hound (Depths:5)
  2 orc wizards (D:10)
  2 mummies (Tomb:2)
  269 fire vortices
  5 fungi
  2 lurking horrors (Abyss:3)
  29 plants
  12 starspawn tentacles
331 creatures vanquished.

Grand Total: 3337 creatures vanquished

Notes
Turn   | Place    | Note
-------+----------+-------------------------------------------
     0 | D:1      | Spazmo the Deep Elf Conjurer began the quest for the Orb.
     0 | D:1      | Reached XP level 1. HP: 10/10 MP: 6/6
   187 | D:1      | Reached XP level 2. HP: 15/15 MP: 2/8
   191 | D:1      | Learned a level 2 spell: Searing Ray
   893 | D:2      | Reached XP level 3. HP: 19/19 MP: 8/10
  1226 | D:2      | Reached skill level 5 in Conjurations
  1322 | D:2      | Reached XP level 4. HP: 24/24 MP: 7/12
  1330 | D:2      | Learned a level 4 spell: Force Lance
  1335 | D:2      | Learned a level 4 spell: Iskenderun's Mystic Blast
  1966 | D:3      | Reached skill level 5 in Spellcasting
  2235 | D:3      | Reached XP level 5. HP: 28/28 MP: 6/14
  3166 | D:4      | Reached XP level 6. HP: 27/32 MP: 4/17
  3519 | D:4      | Found a staircase to the Ecumenical Temple.
  3539 | Temple   | Entered the Ecumenical Temple
  3587 | Temple   | Became a worshipper of Vehumet
  3773 | D:4      | Reached XP level 7. HP: 7/36 MP: 8/19
  4268 | D:4      | Noticed Natasha
  4281 | D:4      | Killed Natasha
  4462 | D:4      | Found a sacrificial altar of Ru.
  4746 | D:5      | Entered Level 5 of the Dungeon
  4775 | D:5      | Reached * piety under Vehumet
  4775 | D:5      | Offered knowledge of Sting by Vehumet.
  4873 | D:5      | Found Paodghodu's Distillery.
  4925 | D:5      | Learned a level 3 spell: Conjure Flame
  4930 | D:5      | Learned a level 4 spell: Sticky Flame
  4936 | D:5      | Learned a level 5 spell: Fireball
  5333 | D:5      | Reached skill level 1 in Fire Magic
  5333 | D:5      | Reached XP level 8. HP: 34/41 MP: 10/22
  6029 | D:6      | Offered knowledge of Throw Frost by Vehumet.
  6043 | D:6      | Reached ** piety under Vehumet
  6336 | D:6      | Reached skill level 10 in Spellcasting
  6586 | D:6      | Found a hazy altar of Hepliaklqana.
  6589 | D:6      | Found a shattered altar of Ashenzari.
  6593 | D:6      | Found a bloodstained altar of Trog.
  6594 | D:6      | Found a glowing silver altar of Zin.
  6596 | D:6      | Found a shadowy altar of Dithmenos.
  6599 | D:6      | Found a blossoming altar of Fedhas.
  6601 | D:6      | Found a basalt altar of Yredelemnul.
  6698 | D:7      | Reached XP level 9. HP: 42/45 MP: 0/25
  6862 | D:7      | Found an ornate altar of the Wu Jian Council.
  6915 | D:7      | Reached skill level 5 in Fire Magic
  7199 | D:7      | Reached skill level 10 in Conjurations
  7441 | D:8      | Found a staircase to the Lair.
  7796 | D:8      | Reached XP level 10. HP: 58/58 MP: 27/27
  8060 | D:9      | Offered knowledge of Stone Arrow by Vehumet.
  8078 | D:9      | Learned a level 3 spell: Stone Arrow
  8137 | D:9      | Found a staircase to the Orcish Mines.
  8241 | D:9      | Got a wavering silver ring
  8246 | D:9      | Reached skill level 1 in Earth Magic
  8252 | D:9      | Identified the ring of Niressips {rElec rF++ AC+4 Int+6} (You found it on level 9 of the Dungeon)
  8291 | D:9      | Reached *** piety under Vehumet
  8485 | D:9      | Reached XP level 11. HP: 62/62 MP: 22/29
  8627 | D:9      | Found an ancient bone altar of Kikubaaqudgha.
  8761 | Lair:1   | Entered Level 1 of the Lair of Beasts
  8861 | Lair:1   | Noticed Erica
  8867 | Lair:1   | Killed Erica
  8867 | Lair:1   | Reached skill level 5 in Fighting
  8867 | Lair:1   | Reached skill level 1 in Translocations
  8998 | Lair:1   | Reached skill level 10 in Fire Magic
  9183 | Lair:1   | Noticed an oklob plant
  9183 | Lair:1   | Noticed an oklob plant
  9184 | Lair:1   | Noticed an oklob plant
  9187 | Lair:1   | Offered knowledge of Ignite Poison by Vehumet.
  9294 | Lair:1   | Noticed an oklob plant
  9297 | Lair:1   | Killed an oklob plant
  9297 | Lair:1   | HP: 3/64 [acid (11)]
  9471 | Lair:1   | Killed an oklob plant
  9471 | Lair:1   | Killed an oklob plant
  9508 | Lair:1   | Killed an oklob plant
 10011 | Lair:2   | Reached skill level 5 in Earth Magic
 10146 | Lair:2   | Reached **** piety under Vehumet
 10634 | Lair:3   | Reached skill level 10 in Dodging
 10705 | Lair:3   | Reached XP level 12. HP: 35/71 MP: 19/30
 10825 | Lair:3   | Noticed a five-headed hydra
 10834 | Lair:3   | Killed a five-headed hydra
 10834 | Lair:3   | Offered knowledge of Throw Icicle by Vehumet.
 11111 | Lair:3   | Found a staircase to the Shoals.
 11743 | Lair:4   | Got a crude dagger
 11744 | Lair:4   | Identified the +3 dagger "Niphapt" {holy, Str+4 Dex+6} (You found it on level 4 of the Lair of Beasts)
 11771 | Lair:4   | Noticed a seven-headed hydra
 11786 | Lair:4   | Killed a seven-headed hydra
 12062 | Lair:4   | Found a hole to the Spider Nest.
 12163 | Lair:4   | Noticed a five-headed hydra
 12168 | Lair:4   | Killed a five-headed hydra
 12398 | Lair:4   | Found an ancient bone altar of Kikubaaqudgha.
 12567 | Lair:4   | Identified a scroll of acquirement
 12568 | Lair:4   | Got a distressingly furry helmet
 12569 | Lair:4   | Identified the +5 helmet of the Ace of Cups {rPois Str-5 Dex+8 SInv} (You acquired it on level 4 of the Lair of Beasts)
 12979 | Lair:5   | Noticed a death yak
 12979 | Lair:5   | Noticed a death yak
 12983 | Lair:5   | Noticed a death yak
 12984 | Lair:5   | Noticed a death yak
 12984 | Lair:5   | Noticed a death yak
 12984 | Lair:5   | Killed a death yak
 12985 | Lair:5   | Killed a death yak
 12987 | Lair:5   | Noticed a death yak
 13012 | Lair:5   | Killed a death yak
 13012 | Lair:5   | Killed a death yak
 13012 | Lair:5   | Reached skill level 10 in Earth Magic
 13016 | Lair:5   | Killed a death yak
 13016 | Lair:5   | Killed a death yak
 13208 | Lair:5   | Reached XP level 13. HP: 68/76 MP: 16/31
 13287 | Lair:5   | Found a staircase to the Slime Pits.
 13697 | D:10     | Entered Level 10 of the Dungeon
 13725 | D:10     | Reached ***** piety under Vehumet
 13725 | D:10     | Offered knowledge of Lightning Bolt by Vehumet.
 14768 | D:10     | Found a blossoming altar of Fedhas.
 15183 | D:11     | Found a bloodstained altar of Trog.
 15264 | D:11     | Found Tedise's Antique Armour Shoppe.
 15648 | D:12     | Noticed NoRagrets's ghost (journeyman MiFi)
 16025 | D:12     | Killed NoRagrets's ghost
 16040 | D:12     | Noticed Frances
 16218 | D:11     | Killed Frances
 16515 | D:12     | Noticed Harold
 16517 | D:12     | Killed Harold
 16861 | Lair:6   | Entered Level 6 of the Lair of Beasts
 16901 | Lair:6   | Identified Evuasev's Almanac of Lethal Beguiling
 17058 | Lair:6   | Reached XP level 14. HP: 82/82 MP: 32/32
 17606 | Lair:6   | Offered knowledge of Freezing Cloud by Vehumet.
 18334 | Lair:6   | Found a runed door.
 19224 | D:13     | Noticed Kirke
 19232 | D:13     | Killed Kirke
 19242 | D:13     | Noticed Josephine
 19267 | D:13     | Killed Josephine
 19459 | D:13     | Found Tystrya's Book Shoppe.
 19475 | D:13     | Noticed Rupert
 19492 | D:13     | Killed Rupert
 19492 | D:13     | Reached XP level 15. HP: 86/86 MP: 1/35
 20214 | D:14     | Noticed Agnes
 20319 | D:13     | Killed Agnes
 20362 | D:14     | Offered knowledge of Conjure Ball Lightning by Vehumet.
 20516 | D:14     | Noticed Sonja
 20551 | D:14     | Reached skill level 15 in Conjurations
 20551 | D:14     | Reached skill level 15 in Fire Magic
 20676 | D:14     | Noticed Azrael
 20812 | D:14     | Found a deep blue altar of Sif Muna.
 22037 | D:14     | Killed Azrael
 22291 | D:14     | Offered knowledge of Bolt of Magma by Vehumet.
 22292 | D:14     | Killed Sonja
 22300 | D:14     | Learned a level 5 spell: Bolt of Magma
 22349 | D:14     | Learned a level 8 spell: Ignition
 22601 | D:14     | Found a gate to the Vaults.
 22921 | Spider:1 | Entered Level 1 of the Spider Nest
 23221 | Spider:1 | Noticed Louise
 23346 | Spider:1 | Killed Louise
 23583 | Spider:1 | Noticed Nikola
 23594 | Spider:1 | Killed Nikola
 23597 | Spider:1 | Got a pair of warped gloves
 23598 | Spider:1 | Identified the +2 pair of gloves "Debum" {MR+ Int+2 Slay-5} (You took it off Nikola on level 1 of the Spider Nest)
 23687 | Spider:1 | Found the +2 ratskin cloak {+Rats rPois rN+ Str-1 Int-1 Dex+1}
 23864 | Spider:2 | Reached XP level 16. HP: 92/92 MP: 34/36
 23873 | Spider:2 | Offered knowledge of Bolt of Cold by Vehumet.
 24508 | Spider:2 | Noticed Arachne
 24569 | Spider:2 | Killed Arachne
 25892 | Spider:4 | Entered Level 4 of the Spider Nest
 25942 | Spider:4 | Reached ****** piety under Vehumet
 25976 | Spider:4 | Offered knowledge of Ozocubu's Refrigeration by Vehumet.
 27343 | Spider:4 | Got a gossamer rune of Zot
 27484 | Spider:4 | Reached XP level 17. HP: 66/97 MP: 9/37
 28014 | Spider:4 | Learned a level 6 spell: Deflect Missiles
 28273 | D:15     | Entered Level 15 of the Dungeon
 28328 | D:15     | Reached skill level 1 in Charms
 28330 | D:15     | Offered knowledge of Orb of Destruction by Vehumet.
 28330 | D:15     | Reached skill level 1 in Air Magic
 29050 | D:15     | Reached skill level 5 in Charms
 29080 | D:15     | Found a staircase to the Depths.
 29470 | Shoals:1 | Entered Level 1 of the Shoals
 30108 | Shoals:1 | Reached skill level 5 in Air Magic
 30235 | Shoals:1 | Offered knowledge of Lehudib's Crystal Spear by Vehumet.
 30235 | Shoals:1 | Offered knowledge of Fire Storm by Vehumet.
 30235 | Shoals:1 | Offered knowledge of Chain Lightning by Vehumet.
 31373 | Orc:1    | Entered Level 1 of the Orcish Mines
 31470 | Orc:1    | Noticed Fannar
 31476 | Orc:1    | Killed Fannar
 31801 | Orc:2    | Entered Level 2 of the Orcish Mines
 31809 | Orc:2    | Noticed Saint Roka
 31889 | Orc:2    | Noticed Snorg
 31900 | Orc:2    | Killed Snorg
 32222 | Orc:2    | Found a roughly hewn altar of Beogh.
 32237 | Orc:2    | Found a staircase to the Elven Halls.
 32521 | Orc:2    | Found Nuemonwo's Book Shop.
 32521 | Orc:2    | Found Konecumu's Antique Armour Shoppe.
 32570 | Orc:2    | Found Weynutt's Antique Weapon Shop.
 32570 | Orc:2    | Found Siubuo's Antique Armour Shoppe.
 34160 | Shoals:3 | Reached XP level 18. HP: 104/104 MP: 38/38
 34277 | Shoals:3 | Noticed Polyphemus
 34284 | Shoals:3 | Killed Polyphemus
 34602 | Shoals:4 | Entered Level 4 of the Shoals
 34778 | Shoals:4 | Reached skill level 15 in Spellcasting
 34991 | Shoals:4 | Got a barnacled rune of Zot
 35201 | Shoals:4 | Got a steaming lead ring
 35202 | Shoals:4 | Identified the ring "Neloev" {+Inv rF++ MR+ Int-5 SInv} (You found it on level 4 of the Shoals)
 35658 | Vaults:1 | Entered Level 1 of the Vaults
 36232 | Vaults:1 | Learned a level 9 spell: Fire Storm
 36487 | Vaults:1 | Reached XP level 19. HP: 110/110 MP: 43/43
 38452 | Vaults:3 | Found a staircase to the Crypt.
 39287 | Vaults:3 | Noticed Mennas
 39312 | Vaults:3 | Killed Mennas
 39492 | Vaults:3 | Noticed Donald
 39498 | Vaults:3 | Killed Donald
 39717 | Vaults:3 | Reached skill level 1 in Shields
 40291 | Vaults:4 | Reached XP level 20. HP: 115/115 MP: 44/44
 41149 | Vaults:4 | Noticed Terra's ghost (adept DsGl)
 42160 | Vaults:5 | Entered Level 5 of the Vaults
 42797 | Shoals:2 | Learned a level 5 spell: Lee's Rapid Deconstruction
 43378 | Vaults:5 | Reached XP level 21. HP: 95/120 MP: 48/48
 43760 | Vaults:5 | Noticed an ancient lich
 43967 | Vaults:5 | Killed an ancient lich
 44046 | Vaults:4 | Learned a level 8 spell: Lehudib's Crystal Spear
 44622 | Vaults:5 | Identified Agazic's Grimoire of Mutagenic Sinister Secrets
 44664 | Vaults:5 | Got a silver rune of Zot
 45381 | Vaults:5 | Identified the Guide on Evil
 45752 | Depths:1 | Entered Level 1 of the Depths
 45874 | Depths:1 | Reached XP level 22. HP: 77/125 MP: 43/52
 46155 | Depths:1 | Reached skill level 15 in Earth Magic
 46308 | Depths:1 | Learned a level 8 spell: Necromutation
 46320 | Depths:1 | Reached skill level 1 in Necromancy
 46320 | Depths:1 | Reached skill level 1 in Transmutations
 46685 | Depths:1 | Found a gateway to Hell.
 47130 | Depths:1 | Reached skill level 5 in Necromancy
 47440 | Depths:2 | Reached skill level 5 in Transmutations
 47587 | Depths:2 | Noticed Bai Suzhen
 47601 | Depths:2 | Killed Bai Suzhen
 47852 | Depths:2 | Noticed Sojobo
 47856 | Depths:2 | Killed Sojobo
 47863 | Depths:2 | Noticed a golden dragon
 47864 | Depths:2 | Killed a golden dragon
 47889 | Depths:2 | Identified the Papyrus of the Frostbite and Feathers
 47966 | Depths:2 | Found Dateij's Gadget Emporium.
 47968 | Depths:2 | Found Ihaawn's Jewellery Shop.
 47969 | Depths:2 | Found Jeodar's Gadget Emporium.
 47976 | Depths:2 | Bought the ring "Rocw" {rF+ MP+9} for 646 gold pieces
 48424 | Depths:3 | Noticed a golden dragon
 48426 | Depths:3 | Killed a golden dragon
 48429 | Depths:3 | Reached skill level 10 in Necromancy
 48452 | Depths:3 | Noticed a juggernaut
 48459 | Depths:3 | Reached XP level 23. HP: 63/129 MP: 12/53
 48460 | Depths:3 | Noticed a juggernaut
 48491 | Depths:3 | Killed a juggernaut
 48491 | Depths:3 | Reached skill level 10 in Transmutations
 48793 | Depths:3 | Killed a juggernaut
 48986 | Depths:3 | Got a sparkling ivory amulet
 48987 | Depths:3 | Identified the amulet "Exur" {Reflect rPois rC+ SH+2} (You took it off a tengu reaver on level 3 of the Depths)
 49226 | Depths:3 | Found a gateway to a ziggurat.
 49679 | Depths:3 | Found a one-way gate leading to the halls of Pandemonium.
 49968 | Depths:4 | Found Arifasaxt's Jewellery Shop.
 50310 | Depths:4 | Found a one-way gate to the infinite horrors of the Abyss.
 50768 | Depths:5 | Entered Level 5 of the Depths
 50777 | Depths:5 | Noticed a caustic shrike
 50777 | Depths:5 | Noticed a caustic shrike
 50778 | Depths:5 | Noticed a caustic shrike
 50780 | Depths:5 | Noticed a caustic shrike
 50780 | Depths:5 | Noticed a caustic shrike
 50781 | Depths:5 | Killed a caustic shrike
 50782 | Depths:5 | Killed a caustic shrike
 50783 | Depths:5 | Killed a caustic shrike
 50784 | Depths:5 | Killed a caustic shrike
 50786 | Depths:5 | Killed a caustic shrike
 50919 | Depths:5 | Reached XP level 24. HP: 109/135 MP: 24/53
 51349 | Depths:5 | Found a hazy altar of Hepliaklqana.
 51405 | Depths:5 | Upgraded the game from 0.21-a0-476-gd103f4b to 0.21-a0-480-g5da0f0d
 51435 | Depths:5 | Found a glowing golden altar of the Shining One.
 52270 | Depths:5 | Found a gate to the Realm of Zot.
 52338 | Depths:5 | Got a fine flail
 52339 | Depths:5 | Identified the +4 flail of Dung {drain, rElec rF- SInv} (You found it on level 5 of the Depths)
 52348 | Depths:5 | Found a burning altar of Makhleb.
 52349 | Depths:5 | Reached skill level 15 in Necromancy
 52351 | Depths:5 | Reached skill level 15 in Transmutations
 52705 | Depths:5 | Found an ornate altar of the Wu Jian Council.
 53138 | Orc:2    | Killed Saint Roka
 53181 | Elf:1    | Entered Level 1 of the Elven Halls
 55101 | Elf:2    | Reached XP level 25. HP: 139/140 MP: 51/53
 55407 | Elf:2    | Found a large runed door.
 55407 | Elf:2    | Found a large runed door.
 55430 | Elf:2    | Found a large runed door.
 55430 | Elf:2    | Found a large runed door.
 56312 | Elf:3    | Entered Level 3 of the Elven Halls
 56491 | Elf:3    | Got a pair of distressingly furry gloves
 56492 | Elf:3    | Identified the +0 pair of gloves of Calculation {Str+5} (You acquired it on level 3 of the Elven Halls)
 56513 | Elf:3    | Got a smoking whip
 56514 | Elf:3    | Identified the cursed +1 whip of Wrath {vamp, Stlth+} (You found it on level 3 of the Elven Halls)
 56524 | Elf:3    | Reached skill level 15 in Dodging
 56807 | Elf:3    | Reached skill level 10 in Fighting
 56854 | Elf:3    | Got an ivory long sword {venom}
 56855 | Elf:3    | Identified the +5 long sword "Ogreslayer" {venom, Int+7 SInv} (You took it off a deep elf annihilator on level 3 of the Elven Halls)
 56917 | Elf:3    | Identified the Tome of Glacial Sinister Secrets
 56930 | Elf:3    | Learned a level 3 spell: Ozocubu's Armour
 57037 | Elf:3    | Got an iridescent falchion
 57038 | Elf:3    | Identified the +8 falchion "Xevor" {freeze, rN+ SInv} (You found it on level 3 of the Elven Halls)
 57185 | Elf:3    | Upgraded the game from 0.21-a0-480-g5da0f0d to 0.21-a0-496-g696f58f
 57474 | Slime:1  | Entered Level 1 of the Pits of Slime
 57754 | Shoals:4 | Learned a level 3 spell: Regeneration
 58855 | Slime:5  | Entered Level 5 of the Pits of Slime
 58884 | Slime:5  | Noticed the Royal Jelly
 59064 | Slime:5  | Gained mutation: You possess an exceptional clarity of mind. [a shining eye]
 59138 | Slime:5  | Noticed Dissolution
 59143 | Slime:5  | Killed Dissolution
 59224 | Slime:5  | Killed the Royal Jelly
 59224 | Slime:5  | Reached XP level 26. HP: 147/147 MP: 52/53
 59367 | Slime:5  | Found the +7 Singing Sword
 59385 | Slime:5  | Got a slimy rune of Zot
 59480 | Slime:5  | Got a pair of faintly humming boots
 59481 | Slime:5  | Identified the +4 pair of boots "Arolibu" {rElec Dex+6} (You acquired it on level 5 of the Pits of Slime)
 59516 | Slime:5  | Got a crude marble ring
 59517 | Slime:5  | Identified the ring of Plog {+Blink rN+ Stlth-} (You found it on level 5 of the Pits of Slime)
 59531 | Slime:5  | Got a dazzling rapier
 59532 | Slime:5  | Identified the cursed +0 rapier of the Trees {venom, rF+ Str+6 Dex-3} (You found it on level 5 of the Pits of Slime)
 59535 | Slime:5  | Identified Coiceateif's Collected Works on Attacks
 59567 | Slime:5  | Got a steaming scimitar
 59568 | Slime:5  | Identified the +8 scimitar "Ruqegip" {slice, *Slow rElec rC- Str+4} (You found it on level 5 of the Pits of Slime)
 59600 | Slime:5  | Learned a level 2 spell: Blink
 59609 | Slime:5  | Learned a level 6 spell: Iron Shot
 60111 | Depths:5 | Voluntarily entered the Abyss.
 60111 | Abyss:1  | Found a corrupted altar of Lugonu.
 60420 | Abyss:3  | Reached skill level 5 in Stealth
 60678 | Depths:5 | Escaped the Abyss
 60779 | Depths:5 | Voluntarily entered the Abyss.
 61637 | Abyss:3  | Reached skill level 10 in Stealth
 61709 | Abyss:3  | Got an abyssal rune of Zot
 61732 | Abyss:3  | Found a corrupted altar of Lugonu.
 61891 | Depths:5 | Escaped the Abyss
 61921 | Zot:1    | Entered Level 1 of the Realm of Zot
 62287 | Zot:1    | Noticed an orb of fire
 62294 | Zot:1    | Killed an orb of fire
 62923 | Zot:1    | Noticed an ancient lich
 62927 | Zot:1    | Killed an ancient lich
 63049 | Zot:1    | Reached XP level 27. HP: 152/152 MP: 53/53
 64129 | Zot:1    | Noticed an ancient lich
 64132 | Zot:1    | Killed an ancient lich
 64132 | Zot:1    | Reached skill level 27 in Dodging
 66873 | Zot:2    | Noticed Tiamat
 66884 | Zot:2    | Killed Tiamat
 67069 | Zot:2    | Got a shimmering brass ring
 67072 | Zot:2    | Identified the ring of the Curious Orbs {rElec rPois rF+ Int-3 Dex+7} (You took it off Tiamat on level 2 of the Realm of Zot)
 67077 | Zot:2    | Identified the +4 great sword "Transmigrator" {flame, +Rage rC++ MR+ Dex+3} (You took it off Tiamat on level 2 of the Realm of Zot)
 67181 | Zot:2    | Learned a level 6 spell: Bolt of Fire
 67187 | Zot:2    | Got a twisted mace
 67188 | Zot:2    | Identified the cursed +0 mace "Killer Bee's Curse" {flame, rC++ MP+9 Int-4 SInv} (You found it on level 2 of the Realm of Zot)
 67210 | Zot:2    | Got an encrusted falchion
 67211 | Zot:2    | Identified the cursed +3 falchion of Lywungoz {speed, rF- Str+4 Dex+7} (You found it on level 2 of the Realm of Zot)
 69710 | Zot:4    | Noticed an ancient lich
 69717 | Zot:4    | Killed an ancient lich
 71023 | Crypt:1  | Entered Level 1 of the Crypt
 71042 | Crypt:1  | Noticed Jorgrun
 71044 | Crypt:1  | Killed Jorgrun
 71291 | Crypt:1  | Noticed Aizul
 71296 | Crypt:1  | Killed Aizul
 72015 | Crypt:2  | Noticed Xtahua
 72023 | Crypt:2  | Killed Xtahua
 72572 | Crypt:3  | Entered Level 3 of the Crypt
 72694 | Crypt:3  | Found a shimmering altar of Xom.
 72824 | Crypt:3  | Found the +6 Majin-Bo {vamp, Archmagi MP+6 Int+6}
 73448 | Crypt:3  | Found a staircase to the Tomb.
 73768 | Tomb:1   | Entered Level 1 of the Tomb of the Ancients
 74396 | Tomb:1   | Noticed a greater mummy
 74399 | Tomb:1   | Killed a greater mummy
 74519 | Tomb:1   | Noticed a greater mummy
 74524 | Tomb:1   | Killed a greater mummy
 74566 | Tomb:1   | Lost strength.
 74570 | Tomb:1   | Noticed a greater mummy
 74572 | Tomb:1   | Killed a greater mummy
 74697 | Tomb:2   | Noticed a greater mummy
 74697 | Tomb:2   | Noticed a greater mummy
 74697 | Tomb:2   | Noticed a greater mummy
 74697 | Tomb:2   | Noticed a greater mummy
 74697 | Tomb:2   | Noticed Mara
 74701 | Tomb:2   | Killed a greater mummy
 74702 | Tomb:2   | Killed a greater mummy
 74702 | Tomb:2   | Reached skill level 15 in Fighting
 74702 | Tomb:2   | Killed a greater mummy
 74704 | Tomb:2   | Killed a greater mummy
 74706 | Tomb:2   | Killed Mara
 75440 | Tomb:1   | Noticed a greater mummy
 75440 | Tomb:1   | Noticed a greater mummy
 75441 | Tomb:1   | Noticed a greater mummy
 75442 | Tomb:1   | Killed a greater mummy
 75443 | Tomb:1   | Noticed a greater mummy
 75443 | Tomb:1   | Killed a greater mummy
 75443 | Tomb:1   | Killed a greater mummy
 75444 | Tomb:1   | Noticed a greater mummy
 75445 | Tomb:1   | Killed a greater mummy
 75446 | Tomb:1   | Killed a greater mummy
 75446 | Tomb:1   | Killed a greater mummy
 75503 | Tomb:1   | Noticed a greater mummy
 75508 | Tomb:1   | Killed a greater mummy
 75508 | Tomb:1   | Reached skill level 27 in Spellcasting
 75700 | Tomb:1   | Noticed a greater mummy
 75703 | Tomb:1   | Noticed a greater mummy
 75703 | Tomb:1   | Noticed a greater mummy
 75704 | Tomb:1   | Noticed a greater mummy
 75705 | Tomb:1   | Noticed a greater mummy
 75705 | Tomb:1   | Killed a greater mummy
 75706 | Tomb:1   | Noticed a greater mummy
 75706 | Tomb:1   | Killed a greater mummy
 75706 | Tomb:1   | Killed a greater mummy
 75707 | Tomb:1   | Noticed a greater mummy
 75708 | Tomb:1   | Killed a greater mummy
 75708 | Tomb:1   | Killed a greater mummy
 75709 | Tomb:1   | Killed a greater mummy
 75711 | Tomb:1   | Killed a greater mummy
 75712 | Tomb:1   | Noticed a greater mummy
 75716 | Tomb:1   | Killed a greater mummy
 76291 | Tomb:3   | Entered Level 3 of the Tomb of the Ancients
 76291 | Tomb:3   | Noticed Frederick
 76295 | Tomb:3   | Killed Frederick
 76303 | Tomb:3   | Noticed a greater mummy
 76303 | Tomb:3   | Noticed a greater mummy
 76305 | Tomb:3   | Killed a greater mummy
 76306 | Tomb:3   | Killed a greater mummy
 76310 | Tomb:3   | Noticed a greater mummy
 76311 | Tomb:3   | Killed a greater mummy
 76311 | Tomb:3   | Lost strength.
 76314 | Tomb:3   | Noticed a greater mummy
 76316 | Tomb:3   | Killed a greater mummy
 76319 | Tomb:3   | Slain by a bennu

Vault maps used:
D:1:      dpeg_arrival_rooms_c
D:4:      nicolae_ru_path_of_blood, minmay_temple_entry_trees,
          corexii_item_surrounded_by_moat, uniq_natasha
D:5:      first_bread, serial_shops, shop, mrwooster_statue_mirror
D:6:      minitemple, serial_curves, eino_curves_02, eino_curves_01,
          grunt_decor_mini_mirrors, kennysheep_generic_room_6
D:7:      basic_altar
D:8:      grunt_lair_entry_orc_guard_hut
D:9:      kiku_gazebo_pond_becter, orc_0_dummy
D:10:     hangedman_stone_soup, fedhas_altar_4
D:11:     serial_shops, shop, trog_wizard
D:12:     portal_ice_cave_rime, uniq_frances, uniq_harold
D:13:     serial_shops, shop_fountains, uniq_kirke, uniq_rupert, uniq_josephine
D:14:     grunt_vaults_entry_tiered, tgw_sif, hangedman_decor_opposing,
          uniq_sonja, uniq_azrael, uniq_agnes
D:15:     grunt_enter_depths_snipers
Temple:   nicolae_temple_figure_eight
Lair:1:   serial_bayou_shore_a, grunt_megastairs_5, minmay_lair_oklob_chamber,
          uniq_erica
Lair:2:   beast_lair_carwin_3
Lair:3:   minmay_shoals_entry_beasts, enter_volcano_2
Lair:4:   spider_nest_entry_rubble, lemuel_centaur_altar
Lair:5:   minmay_slime_entry_pillars
Lair:6:   wormcave, guppyfry_lair_end_dragon
Shoals:2: nicolae_shoals_seven_spires, nicolae_shoals_stone_sculpture_thing
Shoals:3: nicolae_shoals_this_corrosion, uniq_polyphemus
Shoals:4: shoals_end_grunt_ice, shoals_ilsuiw_alternative, uniq_ilsuiw
Spider:1: uniq_louise, uniq_nikola
Spider:2: uniq_arachne
Spider:4: johnstein_spider_rune_arachne_lair, hangedman_spider_mandibles,
          nicolae_spider_shape
Slime:1:  cheibrodos_slime_lost_civilization_9
Slime:4:  nicolae_slime_barrier, cheibrodos_slime_lost_civilization_7
Slime:5:  uniq_dissolution
Orc:1:    special_room, basic_altar, uniq_fannar
Orc:2:    grunt_orc_tribal_feast, basic_altar, lightli_orcish_oven, uniq_snorg,
          uniq_saint_roka
Elf:1:    eino_elf_arrival_the_gate, hangedman_elven_crosses_minicolossus,
          grunt_megastairs_3
Elf:3:    grunt_elf_hall_asides
Vaults:1: hangedman_vaults_slither, v_misc_27, nicolae_vaults_back_hallway,
          hangedman_vaults_nails, nicolae_vaults_rhombus_6,
          vaults_room_grunt_arrival_checkpoint, v_rooms_3, v_misc_30
Vaults:2: grunt_vaults_focal, v_misc_14, v_alt_pattern_4,
          nicolae_vaults_network_s, vaults_mumra_hexcomb, vaults_room_door_ring,
          nicolae_vaults_diagonal_hallway_6, dpeg_vaults_monster_box
Vaults:3: nicolae_vaults_rhombus_6, hangedman_vaults_stream, st_hourglassy,
          minmay_crypt_entry_simple_walls, hangedman_vaults_stitches, v_misc_2,
          nicolae_vaults_stairing_the_circle, vaults_dpeg_hooks, v_pattern_1,
          hangedman_vaults_nodes, nicolae_vaults_little_squares_4,
          nicolae_vaults_rhombus_5, uniq_donald, uniq_mennas
Vaults:4: hangedman_vaults_nails, nicolae_vaults_circle_grid_b,
          vaults_mumra_chevron, vaults_room_fours, vaults_mumra_hex,
          hangedman_vaults_maws, v_rooms_2, vaults_standard_mumra_x,
          ontoclasm_vaults_ligature, nicolae_vaults_specimen_jars, st_lattice
Crypt:1:  uniq_jorgrun, uniq_aizul
Crypt:2:  uniq_xtahua
Crypt:3:  church_of_pain_bobbens, nicolae_tomb_entry_grand_gallery
Tomb:2:   uniq_mara
Tomb:3:   uniq_frederick
Depths:1: hell_entry, columned_hall_lemuel, grunt_tough_drop,
          kennysheep_random_hallway
Depths:2: cross_vault, grunt_hell_entry_dis_old, serial_bayou_ford_a,
          minmay_shop_grove, uniq_bai_suzhen, uniq_sojobo
Depths:3: minmay_cut_squares, enter_ziggurat_c, roderic_serpentine_path,
          rand_demon_pan_entry_4, hell_entry, evilmike_ambush
Depths:4: minmay_box_of_statues, hell_entry, abyss_entry,
          grunt_pan_entry_sceptre, serial_shops,
          nicolae_shop_temple_entry_statues_fountains, serial_bayou_pond_e,
          minmay_strange_pillars, minmay_strange_pillars, hangedman_decor_push
Depths:5: grunt_profane_halls, abyss_entry, hell_entry
Zot:1:    grunt_deathspiral_small, hangedman_player_shredder
Zot:2:    lemuel_firehouse, grunt_ministairs_13, hangedman_zot_decor_scrapings,
          basic_loot_grate_trap, st_grand_hoard_of_tiamat, uniq_tiamat
Zot:4:    grunt_ministairs_1, hangedman_snap_crack_crunch
Abyss:1:  hangedman_summoners_spam
Abyss:2:  bh_abyss_exit_spiral
Abyss:3:  grunt_abyss_rune_wretched_hive, minivault_1,
          doesnt_abyss_rune_brain_food

Skill      XL: |  1  2  3  4  5  6  7  8  9 10 11 12 13 14 15 16 17 18 19 20 21 22 23 24 25 26 27 |
---------------+----------------------------------------------------------------------------------+-----
Dodging        | 3 7 10 12 13 14 20 25 27 | 27.0
Stealth        | 3 10 | 10.0
Spellcasting   | 4 5 6 7 8 10 11 12 14 18 21 24 27 | 27.0
Conjurations   | 5 6 7 8 9 10 12 14 16 18 19 20 21 25 | 25.1
Fire Magic     | 1 4 9 10 12 14 16 18 19 20 21 25 | 25.0
Fighting       | 4 6 7 8 9 10 15 | 15.0
Earth Magic    | 1 6 10 12 14 15 17 20 | 20.0
Translocations | 2 |  2.0
Charms         | 8 |  8.0
Air Magic      | 8 |  8.0
Shields        | 2 4 |  4.0
Necromancy     | 10 14 15 | 15.0
Transmutations | 9 14 15 | 15.0

Action                   |  1- 3 |  4- 6 |  7- 9 | 10-12 | 13-15 | 16-18 | 19-21 | 22-24 | 25-27 || total
-------------------------+-------+-------+-------+-------+-------+-------+-------+-------+-------++-------
Melee: Hand axe          |       |       |     2 |     5 |       |       |       |       |       ||     7
       Dagger            |       |       |       |     1 |    26 |    13 |     3 |     1 |       ||    44
       Flail             |       |       |       |       |       |       |       |    17 |       ||    17
Throw: Stone             |       |       |       |       |     1 |       |       |     1 |     6 ||     8
 Cast: Magic Dart        |    76 |   127 |   282 |   137 |   232 |   137 |    15 |    16 |     2 ||  1024
       Searing Ray       |     2 |    10 |    14 |    24 |    19 |       |       |       |       ||    69
       Iskenderun's Myst |       |       |    13 |       |       |       |       |       |       ||    13
       Force Lance       |       |       |     6 |     2 |    26 |    13 |    37 |    14 |       ||    98
       Sticky Flame      |       |       |     3 |    22 |    75 |    97 |    61 |    24 |       ||   282
       Fireball          |       |       |     9 |    45 |   118 |   122 |    32 |    52 |    25 ||   403
       Conjure Flame     |       |       |       |     3 |    12 |     1 |       |       |       ||    16
       Stone Arrow       |       |       |       |    60 |   517 |   705 |   379 |   274 |    79 ||  2014
       Bolt of Magma     |       |       |       |       |     1 |     2 |    11 |     3 |     1 ||    18
       Ignition          |       |       |       |       |       |    54 |    90 |    54 |    90 ||   288
       Deflect Missiles  |       |       |       |       |       |     2 |     5 |     3 |     3 ||    13
       Fire Storm        |       |       |       |       |       |       |    16 |    37 |   132 ||   185
       Lee's Rapid Decon |       |       |       |       |       |       |     7 |     2 |       ||     9
       Lehudib's Crystal |       |       |       |       |       |       |    19 |   231 |   226 ||   476
       Necromutation     |       |       |       |       |       |       |       |     4 |   118 ||   122
       Regeneration      |       |       |       |       |       |       |       |       |     5 ||     5
       Iron Shot         |       |       |       |       |       |       |       |       |   583 ||   583
       Blink             |       |       |       |       |       |       |       |       |     2 ||     2
       Ozocubu's Armour  |       |       |       |       |       |       |       |       |     6 ||     6
       Bolt of Fire      |       |       |       |       |       |       |       |       |     3 ||     3
 Abil: Evoke Invisibilit |       |       |       |       |       |       |       |       |     1 ||     1
Evoke: Wand              |       |       |       |       |       |     2 |     1 |       |       ||     3
  Use: Scroll            |       |     7 |    11 |     9 |     9 |     4 |     5 |     9 |    26 ||    80
       Potion            |       |       |     2 |     1 |     1 |     7 |    10 |     1 |     1 ||    23
  Eat: Chunk             |     1 |     7 |    14 |    14 |    29 |    48 |    30 |    23 |    17 ||   183
       Fruit             |       |       |       |     4 |     5 |     9 |     7 |     7 |    11 ||    43
       Royal jelly       |       |       |       |       |       |     1 |       |       |     7 ||     8
       Meat ration       |       |       |       |       |       |       |     1 |       |       ||     1
Armor: Robe              |     1 |     4 |    17 |    13 |    57 |    80 |    46 |    23 |    36 ||   277
Dodge: Dodged            |    12 |    33 |    65 |    96 |   296 |   462 |   247 |   114 |   292 ||  1617
       Deflected         |       |       |       |       |       |    29 |    46 |    41 |    34 ||   150
Block: Buckler           |       |       |       |       |       |       |    70 |    73 |   104 ||   247
       Reflection        |       |       |       |       |       |       |       |     6 |     4 ||    10
       Rpst.: Long sword |       |       |       |       |       |       |       |       |     2 ||     2

Table legend:
 A = Spawn XP
 B = Non-spawn XP
 C = Spawn XP percentage of total XP
 D = Spawn monster count
 E = Non-spawn monster count
 F = Spawn count percentage of total count
 G = Total turns spent on level
                    A         B        C        D         E        F      G
               +---------+---------+-------+---------+---------+-------+---------
         Total |   52458 | 2294129 |   2.2 |      69 |    2900 |   2.3 | 76319
               +---------+---------+-------+---------+---------+-------+---------
           D:1 |       0 |      40 |   0.0 |       0 |      20 |   0.0 |   891
           D:2 |       0 |     124 |   0.0 |       0 |      26 |   0.0 |  1005
           D:3 |       0 |      75 |   0.0 |       0 |      29 |   0.0 |  1332
           D:4 |       0 |     904 |   0.0 |       0 |      37 |   0.0 |  1449
           D:5 |       0 |     618 |   0.0 |       0 |      19 |   0.0 |  1100
           D:6 |       0 |     682 |   0.0 |       0 |      28 |   0.0 |   795
           D:7 |       0 |    1478 |   0.0 |       0 |      24 |   0.0 |   712
           D:8 |       0 |    1063 |   0.0 |       0 |      16 |   0.0 |  1260
           D:9 |       0 |    1192 |   0.0 |       0 |      18 |   0.0 |   970
          D:10 |       0 |    4350 |   0.0 |       0 |      36 |   0.0 |  1478
          D:11 |       0 |    9237 |   0.0 |       0 |      30 |   0.0 |  1009
          D:12 |       0 |    7885 |   0.0 |       0 |      21 |   0.0 |  1082
          D:13 |       0 |   16610 |   0.0 |       0 |      47 |   0.0 |  2273
          D:14 |       0 |   19550 |   0.0 |       0 |      68 |   0.0 |  1783
          D:15 |       0 |   16131 |   0.0 |       0 |      45 |   0.0 |  1495
        Lair:1 |       0 |    5114 |   0.0 |       0 |      17 |   0.0 |  1113
        Lair:2 |       0 |    4818 |   0.0 |       0 |      19 |   0.0 |  1146
        Lair:3 |       0 |    2859 |   0.0 |       0 |      12 |   0.0 |  1156
        Lair:4 |       0 |    3719 |   0.0 |       0 |      14 |   0.0 |  1054
        Lair:5 |       0 |   13670 |   0.0 |       0 |      36 |   0.0 |  1544
        Lair:6 |       0 |   32007 |   0.0 |       0 |      81 |   0.0 |  1820
      Shoals:1 |       0 |   17103 |   0.0 |       0 |      35 |   0.0 |  1543
      Shoals:2 |       0 |   10326 |   0.0 |       0 |      21 |   0.0 |  1102
      Shoals:3 |       0 |   28755 |   0.0 |       0 |      48 |   0.0 |   790
      Shoals:4 |       0 |   26350 |   0.0 |       0 |      44 |   0.0 |   846
      Spider:1 |       0 |   23149 |   0.0 |       0 |      51 |   0.0 |  1505
      Spider:2 |       0 |   16560 |   0.0 |       0 |      40 |   0.0 |   947
      Spider:3 |       0 |    8643 |   0.0 |       0 |      21 |   0.0 |   581
      Spider:4 |       0 |   40959 |   0.0 |       0 |      88 |   0.0 |  2137
       Slime:1 |       0 |   14455 |   0.0 |       0 |      41 |   0.0 |   297
       Slime:2 |       0 |    7992 |   0.0 |       0 |      17 |   0.0 |   203
       Slime:3 |       0 |    3984 |   0.0 |       0 |       7 |   0.0 |   192
       Slime:4 |       0 |   14475 |   0.0 |       0 |      26 |   0.0 |   578
       Slime:5 |       0 |   57029 |   0.0 |       0 |      41 |   0.0 |   582
         Orc:1 |       0 |    2169 |   0.0 |       0 |      10 |   0.0 |   556
         Orc:2 |       0 |   15755 |   0.0 |       0 |      82 |   0.0 |  1105
         Elf:1 |       0 |   38440 |   0.0 |       0 |      58 |   0.0 |  1512
         Elf:2 |       0 |   54416 |   0.0 |       0 |      73 |   0.0 |  1651
         Elf:3 |       0 |   49720 |   0.0 |       0 |      38 |   0.0 |   911
      Vaults:1 |       0 |   52616 |   0.0 |       0 |      77 |   0.0 |  1470
      Vaults:2 |       0 |   30657 |   0.0 |       0 |      43 |   0.0 |  1436
      Vaults:3 |       0 |   58311 |   0.0 |       0 |      64 |   0.0 |  2598
      Vaults:4 |       0 |   57021 |   0.0 |       0 |      70 |   0.0 |  2821
      Vaults:5 |       0 |  166054 |   0.0 |       0 |     145 |   0.0 |  1384
       Crypt:1 |       0 |   27623 |   0.0 |       0 |      43 |   0.0 |  1172
       Crypt:2 |       0 |   41327 |   0.0 |       0 |      47 |   0.0 |   377
       Crypt:3 |       0 |   56460 |   0.0 |       0 |     104 |   0.0 |  1196
        Tomb:1 |       0 |  160408 |   0.0 |       0 |      90 |   0.0 |  1431
        Tomb:2 |       0 |   63870 |   0.0 |       0 |      68 |   0.0 |  1092
        Tomb:3 |       0 |   57344 |   0.0 |       0 |      52 |   0.0 |    28
      Depths:1 |       0 |   57871 |   0.0 |       0 |      80 |   0.0 |  1394
      Depths:2 |       0 |   47510 |   0.0 |       0 |      46 |   0.0 |  1051
      Depths:3 |       0 |  104545 |   0.0 |       0 |      82 |   0.0 |  1433
      Depths:4 |       0 |   49541 |   0.0 |       0 |      56 |   0.0 |  1093
      Depths:5 |       0 |  131217 |   0.0 |       0 |     123 |   0.0 |  2547
         Zot:1 |       0 |  169595 |   0.0 |       0 |      84 |   0.0 |  2701
         Zot:2 |       0 |  165169 |   0.0 |       0 |      98 |   0.0 |  2959
         Zot:3 |       0 |   56347 |   0.0 |       0 |      28 |   0.0 |  1413
         Zot:4 |       0 |  131809 |   0.0 |       0 |      69 |   0.0 |  1470
       Abyss:1 |    2684 |    3601 |  42.7 |       1 |       3 |  25.0 |   148
       Abyss:2 |   18741 |   10572 |  63.9 |      22 |      18 |  55.0 |   633
       Abyss:3 |   31033 |   22255 |  58.2 |      46 |      26 |  63.9 |   898
               +---------+---------+-------+---------+---------+-------+---------
